[Event "Titled Tuesday Blitz April 26 Late 2022"]
[White "Tregubov, Pavel V."]
[Black "Przybylski, Wojciech"]
[WhiteFideId "4115341"]
[BlackFideId "1117599"]
[WhiteElo "2341"]
[BlackElo "2133"]
[Result "1-0"]
[Round "10"]
[TimeControl "180+1"]
[Date "2022.04.26"]
[WhiteClock "0:00:30"]
[BlackClock "0:00:03"]

1. e4 c5 2. Nf3 e6 3. c3 Nf6 4. e5 Nd5 5. d4 cxd4 6. cxd4 d6 7. Bc4 Be7 8. O-O O-O 9. Qe2 b6 10. Bxd5 exd5 11. Re1 dxe5 12. Nxe5 Be6 13. Nc3 Bf6 14. Bf4 Nd7 15. Nb5 Nxe5 16. dxe5 Be7 17. Nd4 Rc8 18. Be3 Qd7 19. f4 Bb4 20. Rf1 Bc5 21. Rad1 Bg4 22. Nf3 Qa4 23. Bxc5 Rxc5 24. h3 Bxf3 25. Rxf3 Rc2 26. Qd3 Rxb2 27. f5 Qxa2 28. Rg3 Qc4 29. Qe3 d4 30. Qh6 Rxg2+ 31. Rxg2 1-0


[Site "https://www.chess.com"]

[Event "Titled Tuesday Blitz April 26 Late 2022"]
[White "Vovk, Orest"]
[Black "Vlassov, Nikolai"]
[WhiteFideId "14113490"]
[BlackFideId "4103360"]
[WhiteElo "2203"]
[BlackElo "2407"]
[Result "1-0"]
[Round "10"]
[TimeControl "180+1"]
[Date "2022.04.26"]
[WhiteClock "0:00:02"]
[BlackClock "0:00:03"]

1. h4 e5 2. h5 d5 3. h6 Nxh6 4. d4 e4 5. Bxh6 gxh6 6. e3 Be6 7. Ne2 Nd7 8. Nf4 Qf6 9. Rh5 c6 10. c4 dxc4 11. Nc3 Bb4 12. a3 Bxc3+ 13. bxc3 Nb6 14. Qc2 Bf5 15. g4 Bg6 16. Re5+ Kf8 17. a4 Rd8 18. Rb1 Rd7 19. a5 Nd5 20. Nxd5 cxd5 21. Rb5 Kg7 22. Rbxd5 Rxd5 23. Rxd5 Rc8 24. Qa4 Rc6 25. Qb5 Qh4 26. Rd7 Rf6 27. Be2 Rxf2 28. Qe5+ Rf6+ 29. Kd2 Qg5 30. Qxg5 hxg5 31. Rxb7 a6 32. Bxc4 h5 33. gxh5 Bxh5 34. Bd5 Rf2+ 35. Kc1 Re2 36. Bxe4 Rxe3 37. Bd5 Rxc3+ 38. Kd2 Ra3 39. Bc6 Rxa5 40. d5 Ra1 41. d6 Rd1+ 42. Ke3 Rxd6 43. Be4 Bg6 44. Bf3 Re6+ 45. Kd4 Kh6 46. Rb2 f5 47. Bd5 Re7 48. Rb6 g4 49. Rxa6 Kg5 50. Ra3 f4 51. Bc6 Bh5 52. Ra5+ Kh4 53. Ra1 f3 54. Rh1+ Kg5 55. Rg1 Kf4 56. Rh1 Kg5 57. Rg1 Rf7 58. Ke3 f2 59. Rf1 g3 60. Bg2 Bg4 61. Rc1 Be6 62. Rc5+ Rf5 63. Rc7 Bd5 64. Bf1 Kh4 65. Rh7+ Rh5 66. Rg7 Rg5 67. Rh7+ Kg4 68. Bh3# 1-0


[Site "https://www.chess.com"]

[Event "Titled Tuesday Blitz April 26 Late 2022"]
[White "Vujic, Mihailo"]
[Black "Melikhov, Evgeny V."]
[WhiteFideId "918873"]
[BlackFideId "4122046"]
[WhiteElo "2256"]
[BlackElo "1931"]
[Result "1-0"]
[Round "10"]
[TimeControl "180+1"]
[Date "2022.04.26"]
[WhiteClock "0:00:46"]
[BlackClock "0:01:32"]

1. e4 e5 2. Nf3 Nc6 3. d4 exd4 4. Bc4 Nf6 5. O-O Nxe4 6. Re1 d5 7. Bxd5 Qxd5 8. Nc3 Qa5 9. Nxe4 Be6 10. Neg5 Bd6 11. Nxe6 fxe6 12. Rxe6+ Kd7 13. Re4 Rae8 14. Bd2 Qh5 15. Qe2 Rxe4 16. Qxe4 Re8 17. Qd3 h6 18. Re1 Rxe1+ 19. Bxe1 Ne5 20. Qb5+ Kc8 21. Nxe5 Qxe5 22. Qxe5 Bxe5 23. Kf1 c5 24. Ke2 Kd7 25. Kd3 Ke6 26. Ke4 c4 27. f4 Bf6 28. Bf2 d3 29. cxd3 cxd3 30. Kxd3 Bxb2 31. Bxa7 Kf5 32. Bd4 Bxd4 33. Kxd4 Kxf4 34. a4 h5 35. a5 h4 36. Kc5 g5 37. Kb6 g4 38. Kxb7 h3 39. gxh3 gxh3 40. a6 Kf3 41. a7 Kg2 42. a8=Q Kxh2 43. Qa2+ 1-0


[Site "https://www.chess.com"]

[Event "Titled Tuesday Blitz April 26 Late 2022"]
[White "Winkels, Marcel"]
[Black "Harish, Neeraj"]
[WhiteFideId "1003887"]
[BlackFideId "30958130"]
[WhiteElo "1900"]
[BlackElo "1574"]
[Result "1-0"]
[Round "10"]
[TimeControl "180+1"]
[Date "2022.04.26"]
[WhiteClock "0:00:51"]
[BlackClock "0:00:09"]

1. c4 Nf6 2. Nc3 g6 3. g3 d5 4. cxd5 Nxd5 5. Bg2 Nxc3 6. bxc3 Bg7 7. Nf3 O-O 8. O-O c5 9. Rb1 Nc6 10. Bb2 Be6 11. a3 Bf5 12. d3 Qc7 13. c4 Bxb2 14. Rxb2 Rac8 15. Qa4 b6 16. Rfb1 Nd4 17. Nxd4 cxd4 18. Qd1 e5 19. a4 Rfd8 20. Qd2 Be6 21. a5 bxa5 22. Rb7 Qd6 23. Qxa5 Rb8 24. Qxa7 Rxb7 25. Qxb7 f5 26. Rb6 Qd7 27. Qxd7 Bxd7 28. Rd6 Kf7 29. Bc6 Ke7 30. Rxd7+ Rxd7 31. Bxd7 Kxd7 32. Kf1 Kc6 33. Ke1 e4 34. Kd2 Kc5 35. Kc2 h6 36. h4 Kb4 37. Kb2 g5 38. hxg5 hxg5 39. f4 gxf4 40. gxf4 exd3 41. exd3 Ka4 42. Ka2 Kb4 43. Kb2 Ka4 44. Kc2 Kb4 45. Kd2 Kc5 46. Ke2 Kb4 47. Kf3 Kc3 48. c5 Kxd3 49. c6 Kc2 50. c7 d3 51. c8=Q+ Kd1 52. Qc3 d2 53. Ke3 1-0


[Site "https://www.chess.com"]

[Event "Titled Tuesday Blitz April 26 Late 2022"]
[White "Xiong, Jeffery"]
[Black "Svane, Frederik"]
[WhiteFideId "2047640"]
[BlackFideId "12923044"]
[WhiteElo "2727"]
[BlackElo "2459"]
[Result "1-0"]
[Round "10"]
[TimeControl "180+1"]
[Date "2022.04.26"]
[WhiteClock "0:00:26"]
[BlackClock "0:00:06"]

1. c4 e6 2. Nc3 Nf6 3. e4 d5 4. e5 d4 5. exf6 dxc3 6. bxc3 Qxf6 7. Nf3 b6 8. g3 Bb7 9. Bg2 Bd6 10. d4 O-O 11. Bg5 Qf5 12. Nh4 Qxg5 13. Bxb7 Nd7 14. Bxa8 Rxa8 15. O-O Nf6 16. a4 Qa5 17. Qd3 Rd8 18. Rfb1 Bf8 19. Nf3 c6 20. Nd2 Qh5 21. Qf3 Qxf3 22. Nxf3 Ne4 23. Rb3 Nd6 24. Ne5 Rc8 25. a5 b5 26. c5 Ne4 27. f3 Nf6 28. c4 a6 29. cxb5 cxb5 30. Nd3 Nd5 31. Kf2 Be7 32. f4 Kf8 33. Kf3 Ke8 34. g4 Kd7 35. f5 Bf6 36. Ke4 Re8 37. fxe6+ Kc6 38. Ne5+ Bxe5 39. exf7 Rf8 40. dxe5 Rxf7 41. e6 Rf6 42. Ke5 Nc7 43. Rd3 Rxe6+ 44. Kf5 Rf6+ 45. Ke4 Re6+ 46. Kf5 Rf6+ 47. Kg5 Ne6+ 48. Kh4 Nxc5 49. Rd8 Rf7 50. Rc1 Rc7 51. g5 Kb7 52. Rd6 b4 53. Rb6+ Ka7 54. Rxb4 Rc6 55. Rbc4 Re6 56. Rxc5 Re4+ 57. Kg3 Re3+ 58. Kf4 1-0


[Site "https://www.chess.com"]

[Event "Titled Tuesday Blitz April 26 Late 2022"]
[White "Yuan, Qingyu"]
[Black "Janaszak, Dawid"]
[WhiteFideId "8609772"]
[BlackFideId "1119206"]
[WhiteElo "2359"]
[BlackElo "2199"]
[Result "0-1"]
[Round "10"]
[TimeControl "180+1"]
[Date "2022.04.26"]
[WhiteClock "0:00:01"]
[BlackClock "0:00:21"]

1. e4 e5 2. Nf3 Nc6 3. Bc4 Bc5 4. d3 d6 5. c3 a6 6. a4 Nf6 7. Bg5 h6 8. Bh4 g5 9. Bg3 Ba7 10. Nbd2 Qe7 11. b4 Nh5 12. Nxe5 Nxg3 13. Nxc6 Bxf2+ 14. Kxf2 Nxh1+ 15. Kg1 bxc6 16. d4 Be6 17. Bd3 g4 18. Kxh1 a5 19. Nf1 Qg5 20. b5 Bd7 21. Rb1 h5 22. bxc6 Bxc6 23. Bb5 Bxb5 24. Rxb5 Qe7 25. Qd3 c6 26. Rb2 Qf6 27. Ne3 O-O 28. Nf5 Rfe8 29. Rf2 Rab8 30. g3 Qe6 31. Rf4 Rb2 32. Nh4 Qa2 33. Qe3 Rb1+ 34. Qg1 Qa1 35. Nf3 gxf3 0-1


[Site "https://www.chess.com"]

[Event "Titled Tuesday Blitz April 26 Late 2022"]
[White "Yurasova, Daria"]
[Black "Buchenau, Frank"]
[WhiteFideId "34146919"]
[BlackFideId "4604350"]
[WhiteElo "2064"]
[BlackElo "2193"]
[Result "0-1"]
[Round "10"]
[TimeControl "180+1"]
[Date "2022.04.26"]
[WhiteClock "0:00:50"]
[BlackClock "0:00:30"]

1. d4 e6 2. Nf3 Nf6 3. c4 b6 4. Nc3 Bb4 5. g3 Bxc3+ 6. bxc3 Ba6 7. Qd3 Nc6 8. Bg2 d5 9. Nd2 Na5 10. O-O O-O 11. e4 Nxc4 12. e5 Nxd2 13. Qxa6 Nfe4 14. Bxd2 Nxd2 15. Rfd1 Nc4 16. Bf1 Na5 17. Qe2 c5 18. Qc2 Rc8 19. c4 cxd4 20. Rxd4 Qc7 21. Bd3 h6 22. Qe2 Nxc4 23. Re1 b5 24. Rh4 a5 25. Qh5 Nb2 26. Bb1 Qc3 27. Rf1 Nd3 28. Bxd3 Qxd3 29. Rg4 Kh7 30. Kg2 b4 31. Rd1 Qc2 32. Rdd4 Rc4 33. Rxc4 dxc4 34. Qh4 c3 35. Rc4 Qd3 36. Rd4 Qf5 37. Qf4 Qxf4 38. Rxf4 Rc8 0-1


[Site "https://www.chess.com"]

[Event "Titled Tuesday Blitz April 26 Late 2022"]
[White "Yurovskykh, Oleksandr"]
[Black "Xu, Yi"]
[WhiteFideId "14134020"]
[BlackFideId "8605564"]
[WhiteElo "2292"]
[BlackElo "2471"]
[Result "0-1"]
[Round "10"]
[TimeControl "180+1"]
[Date "2022.04.26"]
[WhiteClock "0:00:11"]
[BlackClock "0:00:21"]

1. d4 Nf6 2. Nf3 d5 3. c3 c5 4. Bf4 Nc6 5. e3 Qb6 6. Qc2 g6 7. Nbd2 Bf5 8. Qb3 c4 9. Qxb6 axb6 10. a3 b5 11. Rc1 Nd7 12. Be2 f6 13. Bd1 g5 14. Bg3 h5 15. h4 g4 16. Ng1 e5 17. Bc2 Bxc2 18. Rxc2 Bd6 19. Rc1 Nb6 20. Kd1 Na4 21. Kc2 Nxb2 22. Kxb2 Bxa3+ 23. Kc2 Bxc1 24. Kxc1 b4 25. Ne2 Ra1+ 26. Nb1 b3 27. Rd1 Ra2 28. Rd2 Ke7 29. Kd1 Ra1 30. Rb2 Rha8 31. Nc1 Ke6 32. Nxb3 cxb3 33. Rxb3 R8a7 34. Rb5 exd4 35. cxd4 Na5 36. Rb6+ Kf7 37. Rb5 Nc4 38. Kc2 Rxb1 39. Rxb1 Na3+ 40. Kb2 Nxb1 41. Kxb1 Ke6 42. Kb2 Ra4 43. f3 Rc4 44. Bf2 gxf3 45. gxf3 f5 46. Bg3 Kd7 47. Bf4 Kc6 48. Bg5 Kb5 49. Bf6 Ka4 50. Be5 b5 51. Bd6 b4 52. Be5 b3 53. Bd6 Rc2+ 54. Kb1 Kb5 0-1


[Site "https://www.chess.com"]

[Event "Titled Tuesday Blitz April 26 Late 2022"]
[White "Zherebtsova, Alexandra"]
[Black "Spata, German"]
[WhiteFideId "24129518"]
[BlackFideId "113026"]
[WhiteElo "2025"]
[BlackElo "2238"]
[Result "1/2-1/2"]
[Round "10"]
[TimeControl "180+1"]
[Date "2022.04.26"]
[WhiteClock "0:00:04"]
[BlackClock "0:00:06"]

1. d4 e6 2. c4 Bb4+ 3. Nd2 Nf6 4. a3 Be7 5. e4 d5 6. e5 Nfd7 7. cxd5 exd5 8. Bd3 c5 9. f4 Nc6 10. Ngf3 O-O 11. h4 f5 12. Ng5 Nxd4 13. Qh5 h6 14. Ndf3 Qe8 15. Qxe8 Rxe8 16. Nxd4 cxd4 17. Ne6 Nc5 18. Nxc5 Bxc5 19. b4 Bb6 20. Bb2 Be6 21. Kd2 Rec8 22. Rac1 Rc4 23. g4 Rf8 24. gxf5 Rxc1 25. Rxc1 Bxf5 26. Rf1 g6 27. Bxf5 Rxf5 28. Kd3 Rh5 29. Bxd4 Rxh4 30. Bxb6 axb6 31. Kd4 g5 32. Kxd5 gxf4 33. e6 Kf8 34. Kd6 Rh2 35. Rxf4+ Ke8 36. Rd4 h5 37. Kc7 h4 38. Kxb6 h3 39. Kxb7 Ra2 40. Rh4 Rxa3 41. b5 Ke7 42. b6 Kxe6 43. Kc7 Rc3+ 44. Kb8 Kf5 45. b7 Kg5 46. Rh8 Kg4 47. Ka8 Ra3+ 48. Kb8 Kg3 49. Kc7 Rc3+ 50. Kd6 Rb3 51. b8=Q Rxb8 52. Rxb8 h2 53. Rh8 Kg2 54. Rxh2+ Kxh2 1/2-1/2


[Site "https://www.chess.com"]

[Event "Titled Tuesday Blitz April 26 Late 2022"]
[White "Zhigalko, Sergei"]
[Black "Dubov, Daniil"]
[WhiteFideId "13502956"]
[BlackFideId "24126055"]
[WhiteElo "2662"]
[BlackElo "2791"]
[Result "1-0"]
[Round "10"]
[TimeControl "180+1"]
[Date "2022.04.26"]
[WhiteClock "0:00:11"]
[BlackClock "0:00:46"]

1. e4 c5 2. c3 d5 3. exd5 Qxd5 4. d4 cxd4 5. cxd4 Nc6 6. Nf3 e5 7. Nc3 Bb4 8. Bd2 Bxc3 9. Bxc3 e4 10. Ne5 Nxe5 11. dxe5 Ne7 12. Qa4+ Bd7 13. Qa3 Qe6 14. Qb4 O-O 15. Bc4 Nd5 16. Bxd5 Qxd5 17. Rd1 Qe6 18. Rd6 Qf5 19. Qxb7 Be6 20. O-O Bxa2 21. Re1 Be6 22. Qxe4 Qh5 23. h3 Rac8 24. Ra1 Rc7 25. Qe3 h6 26. Rxa7 Rc4 27. Qg3 Qf5 28. Qd3 Qg5 29. Qg3 Qf5 30. Kh2 Rf4 31. f3 h5 32. Bd2 Rc4 33. Bh6 Qh7 34. Rxe6 h4 35. Qg5 Rc1 36. Qxc1 1-0


[Site "https://www.chess.com"]

[Event "Titled Tuesday Blitz April 26 Late 2022"]
[White "Zhurbinsky, David"]
[Black "Kashefi, Amir Hosein"]
[WhiteFideId "2072904"]
[BlackFideId "12557935"]
[WhiteElo "2544"]
[BlackElo "2008"]
[Result "1-0"]
[Round "10"]
[TimeControl "180+1"]
[Date "2022.04.26"]
[WhiteClock "0:00:41"]
[BlackClock "0:00:01"]

1. e4 c6 2. d4 d5 3. Nc3 dxe4 4. Nxe4 Nd7 5. Nf3 Ngf6 6. Nxf6+ Nxf6 7. Be2 Bg4 8. c3 e6 9. O-O Bd6 10. h3 Bxf3 11. Bxf3 h6 12. Re1 O-O 13. c4 Rc8 14. a3 Qc7 15. b3 Rfd8 16. Bb2 Qd7 17. d5 e5 18. Bxe5 Bxe5 19. Rxe5 cxd5 20. Bxd5 Qc7 21. Qd4 Nxd5 22. Rxd5 Rxd5 23. cxd5 Qc3 24. Rd1 Qxd4 25. Rxd4 Kf8 26. Kf1 Ke7 27. Ke2 Rc2+ 28. Ke3 Kd6 29. Rd3 b5 30. b4 g6 31. g4 Rc4 32. f4 f5 33. Kf3 Rc1 34. Kg3 Rg1+ 35. Kf2 Rh1 36. Kg2 Ra1 37. g5 hxg5 38. fxg5 Re1 39. h4 Re4 40. Kg3 Rg4+ 41. Kh3 Re4 42. h5 gxh5 43. g6 Rg4 44. Rg3 Kxd5 45. g7 Ke6 46. g8=Q+ 1-0


[Site "https://www.chess.com"]

[Event "Titled Tuesday Blitz April 26 Late 2022"]
[White "volunteers1998"]
[Black "Remolar Gallen, Jose"]
[BlackFideId "2215187"]
[WhiteElo "2281"]
[BlackElo "2205"]
[Result "0-1"]
[Round "10"]
[TimeControl "180+1"]
[Date "2022.04.26"]
[WhiteClock "0:00:01"]
[BlackClock "0:00:11"]

1. e4 c5 2. Nf3 d6 3. d4 cxd4 4. Nxd4 Nf6 5. Nc3 a6 6. h3 e5 7. Nde2 h5 8. Bg5 Be7 9. g3 Nbd7 10. Bg2 b5 11. O-O Bb7 12. a3 Nc5 13. Bxf6 Bxf6 14. Nd5 h4 15. Qd2 hxg3 16. fxg3 Bg5 17. Qd1 Rc8 18. h4 Bxd5 19. Qxd5 Be3+ 20. Kh2 Ne6 21. c3 Rxh4+ 22. Bh3 Rh6 23. Rad1 Qg5 24. Qxd6 Rxh3+ 25. Kxh3 Qh5+ 26. Kg2 Qxe2+ 27. Kh1 Qh5+ 28. Kg2 Rd8 29. Qb6 Rxd1 30. Qxe3 Rxf1 31. Kxf1 Qh1+ 32. Ke2 Qh2+ 33. Kd1 Qxb2 34. Qd3 Qxa3 35. Qc2 Qa1+ 36. Kd2 a5 37. Qb3 Qa4 38. Qd5 Qc4 39. Qa8+ Ke7 40. Qxa5 Nc5 41. Qc7+ Kf6 42. Qd6+ Ne6 43. g4 Qxe4 44. g5+ Kxg5 0-1


[Site "https://www.chess.com"]

[Event "Titled Tuesday Blitz April 26 Late 2022"]
[White "Akrakan"]
[Black "Mangialardo, Tiago Carvalho"]
[BlackFideId "2130718"]
[WhiteElo "2088"]
[BlackElo "2061"]
[Result "1-0"]
[Round "11"]
[TimeControl "180+1"]
[Date "2022.04.26"]
[WhiteClock "0:00:52"]
[BlackClock "0:00:01"]

1. e4 Nf6 2. e5 Nd5 3. Bc4 Nb6 4. Bb3 d6 5. exd6 exd6 6. d4 Be7 7. Nf3 O-O 8. h3 Bf5 9. O-O Nc6 10. c3 d5 11. Re1 Bd6 12. Nbd2 Re8 13. Nf1 Rxe1 14. Qxe1 Qd7 15. Ne3 Re8 16. Qd1 Be4 17. Bc2 f5 18. Bd2 Ne7 19. Bxe4 dxe4 20. Ne5 Bxe5 21. dxe5 Kh8 22. Qe2 Qe6 23. Rd1 Qxe5 24. Nc4 Nxc4 25. Qxc4 Rd8 26. Kf1 f4 27. Ke2 e3 28. fxe3 fxe3 29. Be1 Qh5+ 30. g4 Qe8 31. Rxd8 Qxd8 32. Kxe3 Nd5+ 33. Ke2 Qe7+ 34. Kf2 Qe3+ 35. Kf1 Nf4 36. Bf2 1-0


[Site "https://www.chess.com"]

[Event "Titled Tuesday Blitz April 26 Late 2022"]
[White "Andreikin, Dmitry"]
[Black "Xiong, Jeffery"]
[WhiteFideId "4158814"]
[BlackFideId "2047640"]
[WhiteElo "2736"]
[BlackElo "2727"]
[Result "0-1"]
[Round "11"]
[TimeControl "180+1"]
[Date "2022.04.26"]
[WhiteClock "0:00:14"]
[BlackClock "0:00:10"]

1. d4 d5 2. Nf3 Nf6 3. Bf4 e6 4. e3 c5 5. c3 Qb6 6. Qc2 Bd6 7. Ne5 Nbd7 8. Na3 Bxe5 9. dxe5 Nh5 10. Be2 Nxf4 11. exf4 a6 12. O-O f6 13. Bh5+ g6 14. Bxg6+ hxg6 15. Qxg6+ Kd8 16. Nc2 fxe5 17. fxe5 Qxb2 18. Rad1 Qxc3 19. f4 Kc7 20. Qxe6 Qxc2 21. Qd6+ Kd8 22. Rxd5 Qh7 23. e6 Qxh2+ 24. Kf2 Qh4+ 25. Kf3 Rg8 26. exd7 Qg4+ 27. Ke3 Bxd7 28. Rfd1 Re8+ 29. Kf2 Re2+ 0-1


[Site "https://www.chess.com"]

[Event "Titled Tuesday Blitz April 26 Late 2022"]
[White "Bas Mas, Jose Joaquin"]
[Black "Onslow, Alfie"]
[WhiteFideId "22219064"]
[BlackFideId "436976"]
[WhiteElo "2212"]
[BlackElo "1884"]
[Result "0-1"]
[Round "11"]
[TimeControl "180+1"]
[Date "2022.04.26"]
[WhiteClock "0:00:42"]
[BlackClock "0:01:16"]

1. e4 g6 2. Nc3 Bg7 3. d4 c6 4. f4 d5 5. e5 h5 6. h3 Nh6 7. Bd3 h4 8. Nf3 Nf5 9. Bxf5 Bxf5 10. O-O e6 11. Ne2 Nd7 12. Be3 Bf8 13. Bf2 Be7 14. a4 Kf8 15. c3 Kg7 16. a5 Qc7 17. b4 b5 18. axb6 axb6 19. Rxa8 Rxa8 20. Bxh4 Bxh4 21. Nxh4 c5 22. Nxf5+ gxf5 23. bxc5 bxc5 24. Qe1 Nf8 25. Qg3+ Ng6 26. Qg5 Qe7 27. Qxe7 Nxe7 28. dxc5 Rc8 29. Rb1 Rxc5 30. Rb7 Ng6 31. Kf2 Ra5 32. g3 Ra2 33. Ke3 Rc2 34. Kd3 Ra2 35. Ke3 Ra4 36. h4 Ra1 37. h5 Nf8 38. h6+ Kg6 39. Nd4 Rh1 40. Nc6 Rxh6 41. Ne7+ Kg7 42. Kf3 Rh1 43. Nc6 Rc1 44. Rb3 Nd7 45. Nd4 Nc5 46. Ra3 Ne4 47. Ne2 Rc2 48. Ke3 Kg6 49. Kf3 Nd2+ 50. Ke3 Nc4+ 0-1


[Site "https://www.chess.com"]

[Event "Titled Tuesday Blitz April 26 Late 2022"]
[White "Bortnyk, Olexandr"]
[Black "Sevian, Samuel"]
[WhiteFideId "14120828"]
[BlackFideId "2040506"]
[WhiteElo "2723"]
[BlackElo "2698"]
[Result "0-1"]
[Round "11"]
[TimeControl "180+1"]
[Date "2022.04.26"]
[WhiteClock "0:00:03"]
[BlackClock "0:01:12"]

1. d4 Nf6 2. Nc3 d5 3. Bf4 a6 4. e3 Nbd7 5. Nf3 c5 6. a3 g6 7. h3 Bg7 8. Be2 O-O 9. O-O b6 10. Ne5 Bb7 11. Bf3 e6 12. Qe2 Rc8 13. Rfd1 Qe7 14. Bg5 Qd6 15. Bf4 Qe7 16. Rac1 b5 17. Nb1 Nb6 18. Bg5 Qc7 19. Bf4 Qe7 20. Bg5 Qc7 21. Nd2 Na4 22. Rb1 cxd4 23. exd4 Qxc2 24. Bxf6 Bxf6 25. Nd7 Bxd4 26. Nxf8 Kxf8 27. Rdc1 Qxc1+ 28. Rxc1 Rxc1+ 29. Kh2 Bxb2 30. Nb3 Rc7 31. h4 h5 32. Qe3 Kg7 33. Na5 Bc8 34. g4 hxg4 35. Bxg4 Bf6 36. h5 gxh5 37. Bxh5 Rc3 38. Qa7 Be5+ 39. Kg2 Rc7 40. Qe3 Kf6 41. Qf3+ Kg7 42. Qg4+ Kf8 43. Qg5 f6 44. Qg6 Rg7 45. Kf1 Rxg6 46. Bxg6 Ke7 47. Nc6+ Kd6 48. Nb4 a5 49. Nd3 b4 50. axb4 axb4 51. Nxb4 Nc5 52. Kg2 f5 53. Nc2 Bc3 54. Bh7 d4 55. Kf3 Bb7+ 56. Kg3 d3 57. Ne3 Ne4+ 58. Kf4 Be5+ 59. Kf3 Ng5# 0-1


[Site "https://www.chess.com"]

[Event "Titled Tuesday Blitz April 26 Late 2022"]
[White "Bryakin, Mikhail"]
[Black "Tari, Aryan"]
[WhiteFideId "4165314"]
[BlackFideId "1510045"]
[WhiteElo "2417"]
[BlackElo "2567"]
[Result "0-1"]
[Round "11"]
[TimeControl "180+1"]
[Date "2022.04.26"]
[WhiteClock "0:00:15"]
[BlackClock "0:00:08"]

1. e4 c6 2. d4 d5 3. exd5 cxd5 4. Bd3 Nf6 5. c3 Bg4 6. Ne2 e6 7. O-O Bd6 8. f3 Bh5 9. Bf4 Bg6 10. Bxd6 Qxd6 11. Na3 Nc6 12. Nc2 a6 13. a4 O-O 14. Qd2 e5 15. dxe5 Nxe5 16. Bxg6 hxg6 17. Ncd4 Nc4 18. Qc1 Rae8 19. Re1 Nh5 20. b3 Ne3 21. Ng3 Nxg3 22. hxg3 Nf5 23. Nxf5 gxf5 24. Qf4 Qb6+ 25. Kh2 Qxb3 26. Qxf5 Qxc3 27. Rxe8 Rxe8 28. Rb1 Re6 29. g4 Qc7+ 30. Kg1 Qc5+ 31. Kh2 b5 32. axb5 axb5 33. Ra1 Qc6 34. Ra7 Qd6+ 35. g3 Re2+ 36. Kh3 Qh6+ 37. Qh5 b4 38. Qxh6 gxh6 39. Rb7 Rb2 40. Rd7 Rd2 41. Rb7 Rd4 42. Kh4 Kg7 43. f4 Rc4 44. Kh5 d4 45. g5 hxg5 46. Kxg5 d3 47. Rd7 Rc3 48. f5 Rc6 49. Rxd3 Rb6 50. Rb3 Rb5 51. Kf4 Kf6 52. g4 Rb7 53. g5+ Ke7 54. g6 f6 55. Re3+ Kd6 56. Re6+ Kd5 57. Rxf6 b3 58. Rf7 Rb4+ 59. Kg5 b2 60. g7 b1=Q 61. Rd7+ Ke5 62. Re7+ Kd4 63. Rd7+ Ke3 64. Re7+ Kf2 65. Kg6 Rg4+ 66. Kf6 Qb2+ 67. Re5 Rxg7 68. Kxg7 Qxe5+ 69. f6 Kf3 70. Kg6 Qg3+ 71. Kh7 Qh4+ 72. Kg7 Qg5+ 73. Kf7 Kf4 74. Ke6 Qe5+ 75. Kf7 Kf5 76. Kf8 Qxf6+ 77. Kg8 Qe7 78. Kh8 Kg6 79. Kg8 Qe8# 0-1


[Site "https://www.chess.com"]

[Event "Titled Tuesday Blitz April 26 Late 2022"]
[White "Butti, Enrique"]
[Black "volunteers1998"]
[WhiteFideId "3700470"]
[WhiteElo "2080"]
[BlackElo "2275"]
[Result "0-1"]
[Round "11"]
[TimeControl "180+1"]
[Date "2022.04.26"]
[WhiteClock "0:01:27"]
[BlackClock "0:01:26"]

1. d4 f5 2. Nf3 Nf6 3. g3 g6 4. Bg2 Bg7 5. O-O O-O 6. c4 d6 7. Nc3 Nc6 8. d5 Ne5 9. Nd2 e6 10. e3 exd5 11. cxd5 Bd7 12. Qe2 a6 13. f4 Neg4 14. h3 Nh6 15. e4 fxe4 16. Ndxe4 Nxe4 17. Nxe4 Bb5 18. Qc2 Bxf1 19. Bxf1 Nf5 20. g4 Bd4+ 21. Kh1 Ne3 22. Qd3 Nxf1 23. Qxd4 Qh4 24. Kg2 h5 25. g5 Qe1 26. Bd2 Qe2+ 27. Nf2 Qxd2 0-1


[Site "https://www.chess.com"]

[Event "Titled Tuesday Blitz April 26 Late 2022"]
[White "Carrasco Miranda, Andres"]
[Black "Qiao, Cindy"]
[WhiteFideId "3405990"]
[BlackFideId "2620243"]
[WhiteElo "2177"]
[BlackElo "2236"]
[Result "1-0"]
[Round "11"]
[TimeControl "180+1"]
[Date "2022.04.26"]
[WhiteClock "0:00:09"]
[BlackClock "0:00:05"]

1. d4 d5 2. c4 e6 3. Nf3 Nf6 4. g3 Be7 5. Bg2 O-O 6. O-O dxc4 7. Qc2 a6 8. a4 Bd7 9. Qxc4 Bc6 10. Bg5 Nbd7 11. Rd1 Bd5 12. Qc2 h6 13. Bxf6 Nxf6 14. Nc3 Bc6 15. e3 Bb4 16. Ne5 Bxg2 17. Kxg2 Qe7 18. Na2 Bd6 19. Nd3 Rac8 20. Rac1 e5 21. dxe5 Bxe5 22. Nxe5 Qxe5 23. Nc3 c6 24. Rd4 Rfe8 25. Rcd1 Qe6 26. Rb4 Re7 27. Qd3 c5 28. Rf4 Qb3 29. Rxf6 gxf6 30. Qf5 Qe6 31. Qh5 Kg7 32. Rd5 b6 33. Rf5 Rc6 34. Nd5 Qe4+ 35. f3 Qc2+ 36. Kh3 Ree6 37. Qg4+ Kh7 38. Qf4 Kg7 39. Rh5 Qg6 40. Rh4 Kh7 41. Rg4 Qh5+ 42. Kg2 Qxd5 43. e4 Qb3 44. Qf5+ Kh8 45. Rh4 Kg7 46. Rg4+ Kf8 47. Rh4 Ke7 48. Rxh6 Qxb2+ 49. Kh3 Rcd6 50. Rh8 Rd2 51. Kg4 Rxh2 52. Rb8 Rd2 53. Qf4 Rd7 54. Qh6 Qe5 55. Qf8# 1-0


[Site "https://www.chess.com"]

[Event "Titled Tuesday Blitz April 26 Late 2022"]
[White "Caruana, Fabiano"]
[Black "Grischuk, Alexander"]
[WhiteFideId "2020009"]
[BlackFideId "4126025"]
[WhiteElo "2744"]
[BlackElo "2762"]
[Result "0-1"]
[Round "11"]
[TimeControl "180+1"]
[Date "2022.04.26"]
[WhiteClock "0:00:08"]
[BlackClock "0:00:08"]

1. c4 e5 2. Nc3 d6 3. Nf3 f5 4. g3 Be7 5. h4 Nf6 6. d4 e4 7. Ng5 c6 8. d5 Na6 9. Bg2 O-O 10. O-O Nc7 11. Nh3 Ng4 12. Bf4 c5 13. f3 exf3 14. exf3 Ne5 15. b3 Bf6 16. Qc2 Bd7 17. a4 h6 18. Qd2 a6 19. a5 Qe8 20. Rae1 Qf7 21. Be3 Rab8 22. Ne2 b5 23. axb6 Rxb6 24. Nc1 Rb4 25. Qa2 Rfb8 26. Bd2 R4b7 27. Ba5 g5 28. hxg5 hxg5 29. Qd2 Qg7 30. Nf2 Ne8 31. Re2 Qg6 32. Rfe1 Ng7 33. Nfd3 Nxd3 34. Qxd3 Nh5 35. Bc3 Rxb3 36. Nxb3 Rxb3 37. Re6 Bxe6 38. Rxe6 Rxc3 39. Qxc3 Bd4+ 40. Qxd4 Qxe6 41. Qd2 Qf6 42. Qe1 Qe5 43. Qxe5 dxe5 44. Bh3 Nxg3 45. Kf2 f4 46. Bd7 Kf8 47. Kg2 Ke7 48. Ba4 e4 49. fxe4 Nxe4 50. Kf3 Nd6 51. Bb3 Kf6 0-1


[Site "https://www.chess.com"]

[Event "Titled Tuesday Blitz April 26 Late 2022"]
[White "Chuemsakul, Sarocha"]
[Black "Stevens, Christian"]
[WhiteFideId "6203710"]
[BlackFideId "2604450"]
[WhiteElo "1703"]
[BlackElo "2556"]
[Result "0-1"]
[Round "11"]
[TimeControl "180+1"]
[Date "2022.04.26"]
[WhiteClock "0:00:02"]
[BlackClock "0:00:33"]

1. d4 Nf6 2. c4 e6 3. Nf3 d5 4. Nc3 dxc4 5. e3 a6 6. a4 c5 7. Bxc4 Be7 8. O-O Nc6 9. dxc5 Qxd1 10. Rxd1 Bxc5 11. b3 Bd7 12. Bb2 Ke7 13. Rac1 Rac8 14. Ne2 Na5 15. Ne5 Nxc4 16. Rxc4 Rhd8 17. Rxc5 Rxc5 18. Ba3 Rc8 19. Nd3 b6 20. Rc1 Ne4 21. f3 Nd2 22. Nxc5 bxc5 23. Rxc5 Rxc5 24. Bxc5+ Ke8 25. Nc1 e5 26. Kf2 Be6 27. b4 Bd7 28. b5 axb5 29. a5 Bc8 30. Ke2 Nc4 31. Bb4 Kd7 32. Na2 Kc6 33. Nc3 Be6 34. Ne4 f6 35. Nc5 Bc8 36. a6 Kb6 37. Nb3 Bxa6 38. Bf8 g6 39. Bg7 f5 40. g4 fxg4 41. fxg4 b4 42. Kf3 Bb7+ 43. Ke2 Kb5 44. Bf8 Bd5 45. Nc5 Nb6 46. e4 Bc4+ 47. Ke3 b3 48. Nd3 Bxd3 49. Kxd3 b2 50. Kc2 Nc4 0-1


[Site "https://www.chess.com"]

[Event "Titled Tuesday Blitz April 26 Late 2022"]
[White "Deac, Bogdan-Daniel"]
[Black "Muradli, Mahammad"]
[WhiteFideId "1226380"]
[BlackFideId "13409301"]
[WhiteElo "2648"]
[BlackElo "2611"]
[Result "1/2-1/2"]
[Round "11"]
[TimeControl "180+1"]
[Date "2022.04.26"]
[WhiteClock "0:00:04"]
[BlackClock "0:00:04"]

1. e4 c5 2. Nf3 d6 3. d4 cxd4 4. Nxd4 Nf6 5. Nc3 a6 6. f3 e5 7. Nb3 Be6 8. Be3 Be7 9. Qd2 O-O 10. O-O-O a5 11. Bb5 Na6 12. g4 Nc7 13. Bb6 Qb8 14. Bxc7 Qxc7 15. Kb1 Rfd8 16. Qf2 Nd7 17. a4 Nb6 18. f4 exf4 19. Qxf4 Bf6 20. Nd4 Be5 21. Qf3 Nc4 22. Rhf1 Rac8 23. g5 Qc5 24. Nxe6 fxe6 25. Bxc4 Qxc4 26. Qf7+ Kh8 27. Rd3 Qb4 28. Rff3 b5 29. Rh3 h6 30. gxh6 g5 31. Rhg3 bxa4 32. Rxg5 a3 33. b3 Rxc3 34. Rxe5 a2+ 35. Ka1 Rg8 36. Qf6+ Kh7 37. Qf7+ Kh8 38. Rd1 Rxc2 39. Qf6+ Kh7 40. Qf7+ Kh8 41. Qf6+ Kh7 42. Qf7+ Kh8 1/2-1/2


[Site "https://www.chess.com"]